 Dungeon Crawl Stone Soup version 0.26-a0-665-gefeb406119 (webtiles) character file.

Game seed: 16793276627173090232

22 IdlyInterested the Magician (level 2, 0/16 HPs)
             Began as a Tengu Hedge Wizard on Oct 14, 2020.
             Slain by an adder (1 damage)
             ... on level 2 of the Dungeon.
             The game lasted 00:02:55 (1092 turns).

IdlyInterested the Magician (Tengu Hedge Wizard)    Turns: 1092, Time: 00:02:56

Health: 0/16       AC:  7    Str: 10    XL:     2   Next: 91%
Magic:  7/7        EV:  7    Int: 14    God:
Gold:   63         SH: 11    Dex: 13    Spells: 7/8 levels left

rFire    . . .     SeeInvis .   a - +0 dagger
rCold    + . .     Faith    .   b - +2 tower shield {rC+}
rNeg     . . .     Spirit   .   k - +0 leather armour
rPois    .         Reflect  .   c - +0 hat
rElec    .         Harm     .   (no cloak)
rCorr    .         Rampage  .   (no gloves)
MR       .....                  (boots unavailable)
Stlth    ++........             (no amulet)
HPRegen  0.05/turn              d - +4 ring of protection
MPRegen  0.10/turn              (no ring)

@: lethally poisoned (0 -> -10)
A: beak, talons 3
a: no special abilities


You were on level 2 of the Dungeon.
You visited 1 branch of the dungeon, and saw 2 of its levels.

You collected 63 gold pieces.

Inventory:

Hand Weapons
 a - a +0 dagger (weapon)
Missiles
 i - 19 stones (quivered)
Armour
 b - a +2 tower shield of cold resistance (worn)
 c - a +0 hat (worn)
 k - a +0 leather armour (worn)
Jewellery
 d - a +4 ring of protection (left hand)
Potions
 l - a potion of magic


   Skills:
 * Level 0.5 Fighting
 + Level 0.7 Short Blades
 * Level 2.2 Dodging
 + Level 2.0 Stealth
 + Level 3.6 Spellcasting
 + Level 1.4 Conjurations
   Level 1.2 Summonings
   Level 0.7 Translocations


You had 7 spell levels left.
You knew the following spells:

 Your Spells              Type           Power        Failure   Level
a - Magic Dart            Conj           #...         98%         1

Your spell library contained the following spells:

 Spells                   Type           Power        Failure   Level
 Blink                    Tloc           N/A          100%        2
 Call Imp                 Summ           #.......     100%        2
 Slow                     Hex            #.......     100%        2
 Conjure Flame            Conj/Fire      #.......     100%        3
 Mephitic Cloud           Conj/Pois/Air  #.......     100%        3


Dungeon Overview and Level Annotations

Branches:
Dungeon (2/15)

Altars:


Innate Abilities, Weirdness & Mutations

You have a beak for a mouth.
You have claws for feet.


Message History

You hear a shout! x3
You hit the adder but do no damage.
The adder is heavily wounded.
You feel sick. The adder bites you.
* * * LOW HITPOINT WARNING * * *
You block the jackal's attack. The adder bites you.
* * * LOW HITPOINT WARNING * * *
You are lethally poisoned!
The adder poisons you!
You completely miss the adder. Your peck misses the adder.
The adder is heavily wounded.
* * * LOW HITPOINT WARNING * * *
You feel sick. The jackal bites you.
* * * LOW HITPOINT WARNING * * *
The adder bites you but does no damage.
The jackal bites you but does no damage.
You hit the adder. Your kick misses the adder. Your peck misses the adder.
The adder is almost dead.
The adder bites you.
You die...

K. ...?.......
#.###........$. . ####
.............. .. ...
##.#.......... #..
##.#####..<.........!
....#..Kh@.#...........
........##S.........#
..#.....(.l......<..#
#.#.........).....#
♣.......##...(....#
♣♣....####..........#
≈≈♣..## #.....<..#.#
P≈≈≈♣≈l #######.....[
≈≈≈≈≈♣≈ ...$...


You could see an adder, a jackal, a kobold and a frilled lizard.

Vanquished Creatures
  A dart slug (D:1)
  3 leopard geckos (D:1)
  A goblin (D:1)
  A hobgoblin (D:1)
  3 kobolds
  A ball python (D:1)
  2 bats
  3 frilled lizards (D:1)
  3 rats
18 creatures vanquished.

Vanquished Creatures (others)
  4 plants (D:2)
4 creatures vanquished.

Grand Total: 22 creatures vanquished

Notes
Turn   | Place    | Note
-------+----------+-------------------------------------------
     0 | D:1      | IdlyInterested the Tengu Hedge Wizard began the quest for
                  | the Orb.
     0 | D:1      | Reached XP level 1. HP: 10/10 MP: 5/5
   238 | D:1      | Reached XP level 2. HP: 8/15 MP: 5/7
  1092 | D:2      | Slain by an adder

Illustrated notes

Levels and vault maps discovered:
D:1:      sevenhm_arrival_forest_fort_small_4, layout_basic
D:2:      layout_rooms, yredelemnul_forgotten_temple_becter, serial_bayou_ford_a

Action                   || total
-------------------------++-------
Melee: Dagger            ||    45
       Peck              ||     6
       Kick              ||     7
Throw: Stone             ||     3
 Cast: Magic Dart        ||     6
  Use: Potion            ||     3
       Scroll            ||     2
 Stab: Sleeping          ||     3
Armor: Robe              ||     3
       Leather armour    ||    19
Dodge: Dodged            ||    27
Block: Tower shield      ||    10

Table legend: (Time is in decaauts)
 A = Elapsed time spent in this place.
 B = Non-inter-level travel time spent in this place.
 C = Inter-level travel time spent in this place.
 D = Time resting spent in this place.
 E = Time spent auto-exploring this place.
 F = Levels seen in this place.
 G = Mean time per level.
                   A        B        C        D        E       F      G
               +--------+--------+--------+--------+--------+-----+--------+
         Total |   1100 |   1087 |     13 |    430 |    449 |   2 |  550.0 |
       Dungeon |   1100 |   1087 |     13 |    430 |    449 |   2 |  550.0 |
               +--------+--------+--------+--------+--------+-----+--------+

Top non-repeatable levels by time:
     D:1: 1064 daAuts
     D:2: 36 daAuts
